 Dungeon Crawl Stone Soup version 0.18-a0-775-g4d9e04e (webtiles) character file.

8287 Arkorax the Spear-Bearer (level 11, -6/112 HPs)
             Began as a Naga Fighter on Dec 13, 2015.
             Was a Believer of Dithmenos.
             Mangled by a five-headed hydra (9 damage)
             ... on level 11 of the Dungeon.
             The game lasted 00:20:29 (10291 turns).

Arkorax the Spear-Bearer (Naga Fighter)            Turns: 10291, Time: 00:20:29

Health: -6/112     AC: 13    Str: 21    XL:     11   Next: 28%
Magic:  11/11      EV:  4    Int:  9    God:    Dithmenos [**....]
Gold:   447        SH:  0    Dex: 14    Spells: 0 memorised, 10 levels left

rFire  . . .     SeeInvis +     Y - +0 glaive
rCold  . . .     Clarity  .     c - +0 plate armour
rNeg   . . .     SustAt   +     (shield currently unavailable)
rPois  +         Gourm    .     (no helmet)
rElec  .         Spirit   .     s - +0 cloak
rCorr  .         Dismiss  .     B - +2 pair of gloves
rMut   .         Stasis   .     (no barding)
MR     +....                    u - amulet of regeneration
Stlth  ..........               o - ring of sustain attributes
                                h - +3 ring of dexterity

@: very slightly contaminated, wreathed by umbra, invisible, very slow, somewhat
resistant to hostile enchantments, extremely unstealthy
A: see invisible, deformed body, poison resistance, slowness 2, slow metabolism
1, spit poison 2, AC +3
a: Spit Poison, Shadow Step, Renounce Religion


You were on level 11 of the Dungeon.
You worshipped Dithmenos.
Dithmenos was pleased with you.
You were not hungry.

You visited 2 branches of the dungeon, and saw 12 of its levels.
You also visited: Ossuary.

You collected 652 gold pieces.
You spent 205 gold pieces at shops.

Inventory:

Hand Weapons
 D - a +2 trident of freezing
 Y - a +0 glaive (weapon)
 Z - a +0 triple crossbow
Missiles
 r - 60 poisoned needles
 X - 2 throwing nets (quivered)
Armour
 c - a +0 plate armour (worn)
 s - a +0 cloak (worn)
 B - a +2 pair of gloves (worn)
Jewellery
 h - a +3 ring of dexterity (left hand)
 o - a ring of sustain attributes (right hand)
 u - an amulet of regeneration (around neck)
Wands
 y - a wand of digging (11)
 F - a wand of paralysis (11)
 I - a wand of magic darts (24)
 N - a wand of invisibility (2)
Scrolls
 a - a scroll of random uselessness
 e - 2 scrolls of recharging
 j - 3 scrolls of magic mapping
 m - a scroll of noise
 p - 2 scrolls of remove curse
 t - 7 scrolls of identify
 z - 2 scrolls of amnesia
 S - 3 scrolls of fog
Potions
 b - 2 potions of poison
 i - 2 potions of ambrosia {unknown}
 l - 2 potions of curing
 n - a potion of berserk rage {unknown}
 v - a potion of brilliance
 w - 3 potions of cancellation
 A - a potion of invisibility
 E - 2 potions of flight {unknown}
 G - a potion of mutation {unknown}
 J - 2 potions of lignification {unknown}
 M - 2 potions of magic
 P - 2 potions of agility
 Q - 2 potions of might
Books
 d - a book of Envenomations

   Spells                             Type                      Level
   a - Spider Form                    Transmutation/Poison         3
   b - Alistair's Intoxication        Transmutation/Poison         4
   c - Olgreb's Toxic Radiance        Poison                       4
   d - Poisonous Cloud                Conjuration/Poison/Air       6
 L - a book of Dreams

   Spells                             Type                      Level
   a - Ensorcelled Hibernation        Hexes/Ice                    2
   b - Phase Shift                    Translocation                5
   c - Shadow Creatures               Summoning                    5
   d - Silence                        Hexes/Air                    5
   e - Darkness                       Hexes                        6
   f - Mass Confusion                 Hexes                        6
Comestibles
 f - 4 bread rations
 k - 20 fruits
 x - 6 meat rations
 C - a beef jerky
 O - a royal jelly
 R - a slice of pizza


   Skills:
 + Level 11.6 Fighting
 * Level 12.7 Polearms
 - Level 2.4 Armour
   Level 2.4 Shields


You had 10 spell levels left.
You didn't know any spells.

Dungeon Overview and Level Annotations

Branches:
Dungeon (11/15)            Temple (1/1) D:4             Orc (0/2) D:11
   Lair: D:8-11

Altars:
Ashenzari
Cheibriados
Dithmenos
Elyvilon
Fedhas
Gozag
Kikubaaqudgha
Makhleb
Nemelex Xobeh
Okawaru
Pakellas
Qazlal
Ru
Sif Muna
Trog
Vehumet
Xom
Yredelemnul
Zin
The Shining One

Shops:
D:4 [(*   D:5 *   D:8 }

Annotations:
D:10 Grum


Innate Abilities, Weirdness & Mutations

You cannot wear boots.
Your serpentine skin is tough (AC +3).
You have supernaturally acute eyesight.
Armour fits poorly on your strangely shaped body.
Your system is resistant to poisons.
You cover ground very slowly.
You have a slow metabolism.
You can spit poison.


Message History

The five-headed hydra bites you!
* * * LOW HITPOINT WARNING * * *
The five-headed hydra bites you but does no damage.
The five-headed hydra bites you!
* * * LOW HITPOINT WARNING * * *
The five-headed hydra bites you but does no damage.
There is an open door, spattered with blood here.
Drink which item? (? for menu, Esc to quit)
You feel much better.
The five-headed hydra bites you but does no damage. x2
The five-headed hydra bites you!
* * * LOW HITPOINT WARNING * * *
The five-headed hydra bites you but does no damage.
The five-headed hydra bites you!
* * * LOW HITPOINT WARNING * * *
The five-headed hydra bites you but does no damage.
The five-headed hydra bites you!
* * * LOW HITPOINT WARNING * * *
The five-headed hydra bites you!
You die...

#....#....
#..>.#.....
###'#######
######.......#..
#####............'..
#........######..#..
#....<...#....####..
#........#.......#..
#..@###+##.......'..
#..D#....#.......#..
#.F.#....#r...####..
##u##.F..(a...#.....
#.a.#...h#(...#.....
#...uF...#....#.....
#...#h...#....#.....
####################


You could see a five-headed hydra, a cyan ugly thing, a giant frog and a worker
ant.

Vanquished Creatures
  2 unseen horrors (D:10)
  A cyclops (D:11)
  Joseph (D:10)
  Maurice (D:8)
  2 trolls (D:9)
  Sigmund (D:6)
  The ghost of Proton the Skirmisher, an amateur OgFi of Okawaru (D:4)
  A human (D:4)
  3 hippogriffs
  A wraith (D:10)
  A wyvern (D:10)
  4 yaks (D:9)
  A wolf (D:10)
  3 black bears
  An ice beast (D:7)
  A sky beast (D:7)
  2 phantoms
  A wasp (D:8)
  3 ogres
  An orc warrior (D:10)
  A crocodile (D:7)
  2 big kobolds
  2 centaurs
  7 giant frogs
  A gnoll sergeant (D:10)
  A wyvern zombie (D:9)
  A wyvern skeleton (D:9)
  A water moccasin zombie (D:5)
  A water moccasin skeleton (D:10)
  3 centaur skeletons
  5 hounds
  A centaur zombie (Ossuary)
  4 crimson imps
  A giant frog zombie (D:7)
  A jelly (D:9)
  7 orc priests
  10 worker ants
  8 orc wizards
  3 iguanas
  3 big kobold zombies (Ossuary)
  A hound skeleton (D:4)
  2 mummies (Ossuary)
  13 gnolls
  3 worker ant zombies
  10 adders
  2 river rats (D:11)
  3 shadow imps
  An ooze (D:1)
  2 adder zombies
  2 adder skeletons
  5 worms
  6 giant geckos
  30 orcs
  3 ball pythons
  10 bats
  3 giant cockroaches
  9 hobgoblins
  5 jackals
  3 quokkas
  7 giant newts
  16 goblins
  3 goblin zombies (Ossuary)
  5 hobgoblin zombies (Ossuary)
  2 jackal zombies
  16 kobolds
  A kobold skeleton (D:4)
  7 kobold zombies (Ossuary)
  12 orc zombies (Ossuary)
  A quokka zombie (D:8)
  12 rats
  3 rat zombies (Ossuary)
293 creatures vanquished.

Vanquished Creatures (others)
  A fungus (D:11)
1 creature vanquished.

Grand Total: 294 creatures vanquished

Notes
Turn   | Place    | Note
--------------------------------------------------------------
     0 | D:1      | Arkorax the Naga Fighter began the quest for the Orb.
     0 | D:1      | Reached XP level 1. HP: 21/21 MP: 1/1
   223 | D:1      | Reached XP level 2. HP: 24/28 MP: 2/2
  1028 | D:1      | Reached XP level 3. HP: 28/36 MP: 3/3
  1366 | D:2      | Found a white marble altar of Elyvilon.
  1378 | D:2      | Reached XP level 4. HP: 41/44 MP: 4/4
  1466 | D:2      | Reached skill level 4 in Fighting
  1621 | D:2      | Found an opulent altar of Gozag.
  2241 | D:2      | Reached XP level 5. HP: 48/51 MP: 5/5
  2317 | D:2      | HP: 2/51 [orc/mace (1)]
  2960 | D:3      | Reached skill level 5 in Fighting
  2960 | D:3      | Reached XP level 6. HP: 23/61 MP: 6/6
  3624 | D:4      | Found a sand-covered staircase.
  3637 | Ossuary  | Entered an ossuary
  3737 | Ossuary  | Reached skill level 5 in Polearms
  4019 | D:4      | Reached XP level 7. HP: 67/67 MP: 7/7
  4179 | D:4      | Noticed Proton's ghost (amateur OgFi)
  4201 | D:4      | Killed Proton's ghost
  4201 | D:4      | Reached skill level 6 in Fighting
  4336 | D:4      | Found Ineot's General Store.
  4367 | D:4      | Bought a potion of heal wounds for 60 gold pieces
  4367 | D:4      | Bought a scroll of magic mapping for 42 gold pieces
  4420 | D:4      | Found Bomif's Weapon Shop.
  4469 | D:4      | Found a runed door.
  4469 | D:4      | Noticed a human
  4474 | D:4      | Found a basalt altar of Yredelemnul.
  4505 | D:4      | Killed a human
  4505 | D:4      | Reached XP level 8. HP: 50/78 MP: 8/8
  4562 | D:4      | Reached skill level 7 in Fighting
  4613 | D:4      | Found an ancient bone altar of Kikubaaqudgha.
  4688 | D:4      | Found Geff's Antique Armour Shoppe.
  4696 | D:4      | Bought a pair of embroidered gloves for 103 gold pieces
  4864 | D:4      | Found a staircase to the Ecumenical Temple.
  4952 | Temple   | Entered the Ecumenical Temple
  5009 | Temple   | Became a worshipper of Dithmenos the Shadowed
  5069 | D:5      | Entered Level 5 of the Dungeon
  5125 | D:5      | Found Qemmief's Elemental Accessories.
  5427 | D:5      | Found a glowing golden altar of the Shining One.
  5584 | D:5      | Found a bloodstained altar of Trog.
  5953 | D:6      | Found an oddly glowing altar of Pakellas.
  6280 | D:6      | Noticed Sigmund
  6292 | D:6      | Killed Sigmund
  6292 | D:6      | Reached skill level 8 in Fighting
  6555 | D:6      | Found a bloodstained altar of Trog.
  6633 | D:6      | Found a sacrificial altar of Ru.
  6633 | D:6      | Found a snail-covered altar of Cheibriados.
  6790 | D:7      | Reached XP level 9. HP: 80/90 MP: 9/9
  6900 | D:7      | Reached * piety under Dithmenos
  6939 | D:7      | Reached skill level 9 in Fighting
  7009 | D:7      | Found a sparkling altar of Nemelex Xobeh.
  7419 | D:8      | Found a shattered altar of Ashenzari.
  7494 | D:8      | Found Kell's Gadget Shop.
  7627 | D:8      | Found a stormy altar of Qazlal.
  7627 | D:8      | Found a shimmering altar of Xom.
  7627 | D:8      | Found a sparkling altar of Nemelex Xobeh.
  7783 | D:8      | Noticed Maurice
  7809 | D:8      | Killed Maurice
  7913 | D:8      | Reached skill level 10 in Fighting
  7913 | D:8      | Reached skill level 10 in Polearms
  7913 | D:8      | Reached XP level 10. HP: 75/102 MP: 10/10
  8191 | D:9      | Got a jewelled rapier
  8192 | D:9      | Identified the cursed +2 rapier of the Scorpion {flame, Dex+3} (You found it on level 9 of the Dungeon)
  8399 | D:9      | Found a deep blue altar of Sif Muna.
  8495 | D:9      | Reached skill level 11 in Polearms
  8535 | D:9      | Found a blossoming altar of Fedhas.
  8952 | D:10     | Entered Level 10 of the Dungeon
  8980 | D:10     | Noticed an unseen horror
  8994 | D:10     | Killed an unseen horror
  9153 | D:10     | Reached ** piety under Dithmenos
  9300 | D:10     | Noticed Grum
  9374 | D:10     | Reached skill level 12 in Polearms
  9381 | D:10     | Got a wizard robe
  9392 | D:10     | Identified the cursed +0 robe "Semp" {rC+} (You found it on level 10 of the Dungeon)
  9502 | D:10     | Noticed an unseen horror
  9505 | D:10     | Killed an unseen horror
  9505 | D:10     | Reached XP level 11. HP: 96/111 MP: 11/11
  9526 | D:10     | Noticed Joseph
  9535 | D:10     | Killed Joseph
 10045 | D:11     | Found a staircase to the Orcish Mines.
 10221 | D:11     | Noticed a five-headed hydra
 10287 | D:11     | HP: 2/112 [five-headed hydra (8)]
 10291 | D:11     | Mangled by a five-headed hydra

Vault maps used:
D:1:      evilmike_arrival_crescent, serial_co_window_serial,
          co_window_corner_a, co_window_corner_a, co_window_paths_b,
          co_window_paths_b, co_window_corner_a, co_window_corner_cb,
          co_window_corner_b, co_window_broadway_c, co_window_broadway_c,
          co_window_4corner_a, co_window_paths_e, glass_columns_c,
          glass_columns_b, glass_columns_a, glass_columns_a, glass_columns_b
D:2:      lemuel_doored_altar, nicolae_gozag_cash_rules_everything_around_me,
          kennysheep_decorative_pillar, minivault_11
D:3:      minmay_misc_feat_iff
D:4:      lemuel_coloured_pillars_altar, minmay_temple_entry_enclosed_plants,
          nicolae_ossuary_entry_ruins, serial_shops, nicolae_shop_trees, shop,
          kennysheep_mini_moat, first_bread, dk_yredelemnul_ordeal
D:5:      bloody_trog, nicolae_tso_swordbearing_angel, nicolae_elemental_shop
D:6:      grunt_pakellas_salt, gammafunk_temple_overflow_wave,
          trog_hazing_becter, uniq_sigmund
D:7:      basic_altar
D:8:      ashenzari_conservatory_becter, gammafunk_temple_overflow_claw,
          serial_shops, shop, uniq_maurice
D:9:      basic_altar, hangedman_tree_tricks, st_stairs_13,
          kennysheep_generic_room_14
D:10:     uniq_grum, uniq_joseph
D:11:     grunt_lair_entry_elf_guard_hut, orc_0_dummy
Temple:   cyrus_temple_forest_13
Ossuary:  ossuary_tomb_1

Action                   |  1- 3 |  4- 6 |  7- 9 | 10-12 || total
-------------------------+-------+-------+-------+-------++-------
Melee: Trident           |    82 |   178 |   264 |   232 ||   756
       Halberd           |       |   149 |   181 |       ||   330
       Glaive            |       |       |       |   145 ||   145
 Abil: Spit Poison       |     4 |     6 |     2 |       ||    12
Evoke: Wand              |       |       |       |     1 ||     1
  Use: Potion            |       |     7 |     8 |     4 ||    19
       Scroll            |       |       |     8 |    10 ||    18
 Stab: Distracted        |     1 |       |       |       ||     1
       Invisible         |       |     4 |       |       ||     4
  Eat: Chunk             |     1 |     6 |     7 |     2 ||    16
       Fruit             |       |     3 |       |     1 ||     4
       Bread ration      |       |       |     1 |     1 ||     2
